 Dungeon Crawl Stone Soup version 0.31-a0-986-g5e6e4ef867 (webtiles) character file.

Game seed: 7635714226732620163

5424 miscthings the Mimic (level 10, -2/91 HPs)
             Began as a Troll Shapeshifter on Nov 22, 2023.
             Was an Initiate of Gozag.
             Killed from afar by a raiju (10 damage)
             ... with a living lightning
             ... on level 2 of the Abyss.
             The game lasted 00:15:41 (5208 turns).

miscthings the Mimic (Troll Shapeshifter)           Turns: 5208, Time: 00:15:42

Health: -2/91      AC: 12    Str: 24      XL:     10   Next: 40%
Magic:  9/9        EV: 10    Int:  9      God:    Gozag
Gold:   406        SH:  0    Dex: 12 (13) Spells: 9/9 levels left

rFire   . . .        C - +7 trident of Trial by Ordeal {venom, Int+3}
rCold   x . .        (no shield)
rNeg    . . .        E - +0 acid dragon scales
rPois   .            (helmet currently unavailable)
rElec   .            k - melded +0 cloak
rCorr   +            (gloves unavailable)
SInv    .            (boots unavailable)
Will    .....        (no amulet)
Stlth   +            p - +4 ring of protection
HPRegen 1.15/turn    (no ring)
MPRegen 0.11/turn

%: no passive effects
@: about to teleport, beast-form, gold aura
A: beast (slay +4), large, unfitting armour, claws 3, regeneration 1, shaggy fur
1, tough skin 1, cold vulnerability 1
a: Begin Untransformation, Renounce Religion, Potion Petition, Call Merchant,
Bribe Branch


You were on level 2 of the Abyss.
You worshipped Gozag.
Gozag was aware of your devotion.
You were a hulking beast.
You visited 2 branches of the dungeon, and saw 9 of its levels.
You visited the Abyss 1 time.

You collected 530 gold pieces.
You paid 124 gold pieces to Gozag.

Inventory:

Hand Weapons
 A - the +6 shillelagh "Devastator" {shatter}
   (You found it on level 7 of the Dungeon)
 C - the +7 trident of Trial by Ordeal (weapon) {venom, Int+3}
   (You found it on level 4 of the Dungeon)

   Int+3:     It affects your intelligence (+3).
Missiles
 l - 3 atropa-tipped darts
Armour
 k - a +0 cloak (melded)
 E - +0 acid dragon scales (worn)
Jewellery
 p - a +4 ring of protection (left claw)
 s - a ring of magical power
Talismans
 c - a beast talisman (active)
 d - a flux talisman
 m - a blade talisman
Wands
 e - a wand of flame (23)
Scrolls
 g - a scroll of teleportation
 i - 2 scrolls of amnesia {unknown}
 j - 2 scrolls of enchant armour
 n - a scroll of revelation
 o - a scroll of poison
 x - a scroll of torment {unknown}
 y - a scroll of fear {unknown}
 B - a scroll of immolation
 D - a scroll of enchant weapon {unknown}
Potions
 b - a potion of lignification
 f - 2 potions of mutation
 h - 2 potions of heal wounds
 q - a potion of brilliance {unknown}
 r - a potion of invisibility {unknown}
 t - 2 potions of curing
 u - a potion of haste {unknown}
 v - 3 potions of attraction
 w - 2 potions of berserk rage {unknown}
 z - 2 potions of might {unknown}


   Skills:
 - Level 3.4 Fighting
 + Level 7.8 Maces & Flails
 - Level 3.6 Throwing
 - Level 3.7 Dodging
 - Level 5.1 Unarmed Combat
 - Level 2.8 Evocations
 - Level 9.0 Shapeshifting


You had 9 spell levels left.
You didn't know any spells.
Your spell library contained the following spells:

 Spells                   Type           Power      Damage    Failure   Level
 Blink                    Tloc           0%         N/A       61%         2
 Lesser Beckoning         Tloc           0%         N/A       61%         2
 Momentum Strike          Conj/Tloc      0%         3d8       61%         2
 Tukima's Dance           Hex            0%         N/A       83%         3
 Passage of Golubria      Tloc           0%         N/A       99%         4
 Yara's Violent Unravell  Hex/Tmut       0%         3d3       100%        5


Dungeon Overview and Level Annotations

Branches:
Dungeon (8/15)             Temple (1/1) D:5
   Lair: D:8-11

Altars:
Ashenzari
Cheibriados
Dithmenos
Elyvilon
Fedhas
Gozag
Hepliaklqana
Kikubaaqudgha
Makhleb
Nemelex Xobeh
Okawaru
Qazlal
Ru
Sif Muna
Uskayaw
Vehumet
Xom
Yredelemnul
Zin
The Shining One

Shops:
D:2 (

Annotations:
D:8 Psyche


Innate Abilities, Weirdness & Mutations

You are a hulking beast.
Your limbs bulge with bestial killing power. (Slay +4)
You are too large for most types of armour.
You have claws for hands.
Your natural rate of healing is unusually fast.
You are covered in fur. (AC +1)
You have tough skin. (AC +1)
You are vulnerable to cold. (rC-)


Message History

The ufetubus misses you.
The ufetubus hits you but does no damage.
The raiju bites you but does no damage.
The ufetubus hits you but does no damage. x2
The raiju bursts into living lightning!
The living lightning hits you!
The raiju blinks!
The ufetubus hits you but does no damage. x2
The ufetubus shouts!
You puncture the raiju!
The raiju is poisoned.
The raiju is severely wounded.
The ufetubus hits you but does no damage. x2
The raiju bursts into living lightning!
The living lightning misses you.
The raiju blinks!
The raiju barely misses you.
The ufetubus hits you but does no damage.
The ufetubus completely misses you. The raiju bites you. The raiju shocks you!
You hit the raiju. You claw the raiju.
You kill the raiju!
The ufetubus barely misses you.
The ufetubus hits you but does no damage.
The raiju bites you but does no damage. The raiju bites you but does no damage.
You miss the raiju. The raiju bites you but does no damage.
The raiju bites you. The raiju shocks you!
A neqoxec comes into view.
The neqoxec shouts!
The neqoxec gestures at you.
Something tries to feed on your intellect!
The neqoxec gestures at you.
Strange energies course through your body.
You feel vulnerable to cold.
The raiju bursts into living lightning!
The living lightning hits the raiju.
The raiju completely resists.
The living lightning hits you!!
* * * LOW HITPOINT WARNING * * *
The raiju blinks!
The ynoxinul gestures.
The raiju bursts into living lightning!
The living lightning hits you!
You die...
Your body crumbles into a pile of gold.

.......#.#h .#
#.......$5##53.
. #....#..#3..#
.. ......#.5.#
##...
....#.5X###..#..
.......ยง......#
#....##55h.#...#
.........#.# .#
.....#..h..#..
.... #...#......
... #.###.h#....
. ... .## .##
.... .. .. .....
3. # .... .##
....


You could see a large abomination, 2 raiju, a ynoxinul and 5 ufetubi.

Vanquished Creatures
  A two-headed ogre (D:8)
  Maurice (D:8)
  Joseph (D:7)
  Maggie (D:8)
  A raiju (Abyss:2)
  Sigmund (D:2)
  5 yaks (D:6)
  2 water moccasins (D:6)
  An orc warrior (D:6)
  2 sky beasts
  A black bear (D:8)
  2 phantoms
  5 bullfrogs
  A gnoll sergeant (D:6)
  4 scorpions
  5 wights
  2 electric eels (D:7)
  3 howler monkeys
  A quasit (Abyss:2)
  4 hounds
  6 orc priests
  3 jellies (D:6)
  Crazy Yiuf (D:7)
  A gnoll bouda (D:5)
  An iguana (D:7)
  5 orc wizards
  11 gnolls
  9 adders
  2 white imps
  3 worms
  6 dart slugs
  38 orcs
  8 ball pythons
  4 bats
  7 endoplasms
  3 giant cockroaches
  19 goblins
  12 hobgoblins
  2 jackals
  7 quokkas
  3 frilled lizards
  18 kobolds
  5 rats
218 creatures vanquished.

Vanquished Creatures (others)
  An orc wizard (D:6)
1 creature vanquished.

Grand Total: 219 creatures vanquished

Notes
Turn   | Place    | Note
-------+----------+-------------------------------------------
     0 | D:1      | miscthings the Troll Shapeshifter began the quest for the
                  | Orb.
     0 | D:1      | Reached XP level 1. HP: 18/18 MP: 0/0
   121 | D:1      | Reached XP level 2. HP: 19/26 MP: 1/1
   242 | D:1      | Reached skill level 4 in Shapeshifting
   259 | D:1      | Reached XP level 3. HP: 30/32 MP: 2/2
   604 | D:2      | Found Sunosm's Weapon Boutique.
   785 | D:2      | Noticed Sigmund
   804 | D:2      | Killed Sigmund
   805 | D:2      | Reached skill level 6 in Shapeshifting
   805 | D:2      | Reached XP level 4. HP: 20/40 MP: 3/3
   805 | D:2      | Reached XP level 5. HP: 23/46 MP: 4/4
  1127 | D:3      | Found a glowing silver altar of Zin.
  1262 | D:3      | Reached XP level 6. HP: 50/54 MP: 5/5
  1451 | D:5      | Entered Level 5 of the Dungeon
  1462 | D:5      | Reached skill level 7 in Shapeshifting
  1532 | D:5      | Reached XP level 7. HP: 61/61 MP: 6/6
  1569 | D:5      | Found a hide-covered altar of Uskayaw.
  1679 | D:5      | Found a staircase to the Ecumenical Temple.
  1702 | D:5      | Reached skill level 8 in Shapeshifting
  1714 | Temple   | Entered the Ecumenical Temple
  1908 | D:3      | Found a stormy altar of Qazlal.
  2014 | D:5      | Reached skill level 1 in Fighting
  2096 | D:6      | Noticed a yak
  2096 | D:6      | Noticed a yak
  2096 | D:6      | Noticed a yak
  2096 | D:6      | Noticed a yak
  2096 | D:6      | Noticed a yak
  2119 | D:6      | Killed a yak
  2120 | D:6      | Reached skill level 1 in Throwing
  2128 | D:6      | Killed a yak
  2129 | D:6      | Reached skill level 1 in Evocations
  2129 | D:6      | Reached XP level 8. HP: 45/71 MP: 7/7
  2231 | D:5      | Found a hazy altar of Hepliaklqana.
  2653 | D:6      | Reached XP level 9. HP: 54/80 MP: 8/8
  3224 | D:7      | Reached skill level 5 in Unarmed Combat
  3387 | D:7      | Found a shimmering altar of Xom.
  3387 | D:7      | Found a shimmering altar of Xom.
  3390 | D:7      | Found a shimmering altar of Xom.
  3406 | D:7      | Reached skill level 9 in Shapeshifting
  3426 | D:7      | Identified the +3 ring mail of Incorporation {rN+ Str+4}
  3475 | D:7      | Found a runed translucent door.
  3475 | D:7      | Found the +6 shillelagh "Devastator" {shatter}
  3476 | D:7      | Noticed Crazy Yiuf
  3482 | D:7      | Killed Crazy Yiuf
  3698 | D:7      | Reached skill level 1 in Maces & Flails
  3823 | D:7      | Found a sacrificial altar of Ru.
  3873 | D:7      | Found Eveack's Antique Weapon Emporium.
  3930 | D:7      | Found an ancient bone altar of Kikubaaqudgha.
  3950 | D:7      | Noticed Joseph
  3968 | D:7      | Killed Joseph
  3969 | D:7      | Reached skill level 5 in Maces & Flails
  4049 | D:7      | Found an opulent altar of Gozag.
  4064 | D:7      | Became a worshipper of Gozag Ym Sagoz the Greedy
  4383 | D:4      | Identified the +7 trident of Trial by Ordeal {venom, Int+3}
  4704 | D:8      | Reached XP level 10. HP: 89/91 MP: 9/9
  4712 | D:8      | Noticed a two-headed ogre
  4735 | D:8      | Killed a two-headed ogre
  4864 | D:8      | Found a broken altar of Ashenzari.
  4907 | D:8      | Noticed Maggie
  4916 | D:8      | Killed Maggie
  4966 | D:8      | Identified the +5 ring mail of Egeskaqyme {Drain rC+
                  | Stlth+}
  5018 | D:8      | Noticed Maurice
  5028 | D:8      | Something stole the +6 shillelagh "Devastator" {shatter}
  5032 | D:8      | Something stole a blade talisman
  5033 | D:8      | Killed Maurice
  5039 | D:8      | Noticed Psyche
  5042 | Abyss:2  | Cast into level 2 of the Abyss (Psyche)
  5158 | Abyss:2  | Noticed a large abomination
  5207 | Abyss:2  | Gained mutation: You are vulnerable to cold. (rC-) [a
                  | neqoxec]
  5208 | Abyss:2  | Killed from afar by a raiju

Illustrated notes

Levels and vault maps discovered:
D:1:      dreamdust_arrival_sigmund_warning, layout_loops_ring,
          due_unseen_surprise
D:2:      layout_basic, serial_shops, nicolae_shop_stone, serial_bayou_pond_b,
          minivault_23, uniq_sigmund
D:3:      layout_rooms, mainiacjoe_overflow_concentric_impassable,
          nicolae_qazlal_eye_of_the_storm
D:4:      layout_gridville, corexii_hall_statues_x
D:5:      layout_rooms, mainiacjoe_overflow_24_doors, lemuel_crystal_altar,
          minmay_temple_entry_junction, serial_bayou, serial_bayou_crossing,
          serial_bayou_pond_b, serial_bayou_lake_a, serial_bayou_lagoon_a,
          serial_bayou_pond_d
D:6:      layout_loops_ring
D:7:      corexii_shantytown, layout_basic, xom_redecorated,
          kennysheep_mini_moat, mainiacjoe_overflow_alcove_4,
          grunt_gozag_breadcrumbs, serial_shops, shop, nicolae_lava_and_water,
          uniq_joseph, uniq_crazy_yiuf_cottage
D:8:      layout_basic, cheibrodos_ashenzari_chains, uniq_maurice, uniq_maggie,
          uniq_psyche
Temple:   hellmonk_temple_of_storms
Abyss:2:  base:
D:3

Skill      XL: |  1  2  3  4  5  6  7  8  9 10 |
---------------+-------------------------------+-----
Shapeshifting  | 4 6 7 8 9 |  9.0
Fighting       | 1 2 3 |  3.4
Throwing       | 1 2 3 |  3.6
Dodging        | 2 3 |  3.7
Evocations     | 1 2 |  2.8
Unarmed Combat | 4 5 |  5.1
Maces & Flails | 5 7 |  7.8

Action                     |  1- 3 |  4- 6 |  7- 9 | 10-12 || total
---------------------------+-------+-------+-------+-------++-------
  Melee: Unarmed           |    98 |    78 |   423 |       ||   599
         Punch             |     1 |     1 |       |     3 ||     5
         Trident           |       |       |    11 |    39 ||    50
Ability: Begin Untransform |       |       |     1 |       ||     1
  Evoke: Wand              |       |     2 |     4 |     2 ||     8
    Use: Scroll            |       |     9 |     2 |     2 ||    13
   Stab: Sleeping          |       |       |     2 |       ||     2
 Armour: Animal skin       |    58 |    53 |   252 |    16 ||   379
         Acid dragon scale |       |       |       |    67 ||    67
  Dodge: Dodged            |    33 |    32 |   180 |    40 ||   285
   Form: Flux              |       |     1 |       |       ||     1
         Beast             |       |       |     1 |       ||     1

Table legend: (Time is in decaauts)
 A = Elapsed time spent in this place.
 B = Non-inter-level travel time spent in this place.
 C = Inter-level travel time spent in this place.
 D = Time resting spent in this place.
 E = Time spent auto-exploring this place.
 F = Levels seen in this place.
 G = Mean time per level.
                   A        B        C        D        E       F      G
               +--------+--------+--------+--------+--------+-----+--------+
         Total |   5183 |   4803 |    380 |     71 |   3056 |  10 |  518.3 |
       Dungeon |   5010 |   4631 |    379 |     46 |   2996 |   8 |  626.2 |
        Temple |      3 |      3 |      0 |      0 |      0 |   1 |    3.0 |
         Abyss |    169 |    169 |      0 |     25 |     60 |   1 |  169.0 |
               +--------+--------+--------+--------+--------+-----+--------+

Top non-repeatable levels by time:
     D:7: 1053 daAuts
     D:6: 801 daAuts
     D:5: 677 daAuts
     D:4: 657 daAuts
     D:1: 597 daAuts
     D:2: 516 daAuts
     D:8: 370 daAuts
     D:3: 335 daAuts
 Abyss:2: 169 daAuts
  Temple: 3 daAuts
